 Dungeon Crawl Stone Soup version 0.32-a0-132-g2d33c3cfaf (webtiles) character file.

Game seed: 11702740450385281478

337772 seren the Metamorph (level 21, -2/243 HPs)
             Began as a Black Draconian Shapeshifter on Feb 9, 2024.
             Was the Champion of Wu Jian.
             Slain by a deep troll (3 damage)
             ... on level 1 of the Depths.
             The game lasted 03:15:08 (45797 turns).

seren the Metamorph (Black Draconian Shapeshifter) Turns: 45797, Time: 03:15:08

Health: -2/243     AC: 37    Str: 20    XL:     21   Next: 1%
Magic:  33/33      EV: 21    Int: 11    God:    Wu Jian [******]
Gold:   2295       SH: 15    Dex: 18    Spells: 21/36 levels left

rFire   + .          .
                       - Unarmed
rCold   + . .        I - +3 kite shield {rF+}
rNeg    + + +        (body armour unavailable)
rPois   ∞            B - +2 hat
rElec   +            O - +2 cloak {Will+}
rCorr   .            X - melded +2 pair of gloves {Stlth+}
SInv    .            (boots currently unavailable)
Will    +++..        C - amulet of Vitality {RegenMP++ Regen++}
Stlth   ++           Q - ring "Pudyh" {Fly rC+}
HPRegen 2.20/turn    P - ring of Soixifin {rN+++ Will+}
MPRegen 1.03/turn

%: no passive effects
@: statue-form, flying, studying 2 skills, very slow
A: slow and powerful, torment resistance 1, flying, boosted hp, (breathe
lightning), AC +11, unfitting armour, big wings, electricity resistance,
cold-blooded
}: 2/15 runes: barnacled, gossamer
a: Begin Untransformation, Renounce Religion, Wall Jump, Serpent's Lash,
Heavenly Storm


You were on level 1 of the Depths.
You worshipped Wu Jian.
Wu Jian was exalted by your worship.
You were a living statue of rough stone.
You visited 8 branches of the dungeon, and saw 36 of its levels.
You also visited: Sewer, Ossuary, Ice Cave and Desolation.

You collected 4554 gold pieces.
You spent 2259 gold pieces at shops.

Inventory:

Hand Weapons
 b - the +7 sling "Cialosa" {drain, rPois}
   (You found it in the Desolation of Salt)

   rPois:     It protects you from poison
Missiles
 n - 5 throwing nets {!f}
 x - 3 curare-tipped darts
 L - 3 atropa-tipped darts
Armour
 v - a scarf of invisibility
 B - a +2 hat (worn)
 I - a +3 kite shield of fire resistance (worn)
 O - a +2 cloak of willpower (worn)
 X - a +2 pair of gloves of stealth (melded)
Jewellery
 e - a ring of poison resistance
 q - a ring of willpower
 C - the amulet of Vitality (around neck) {RegenMP++ Regen++}
   (You found it on level 7 of the Dungeon)

   [amulet of magic regeneration]

   RegenMP:   It increases your rate of magic regeneration.
   Regen++:   It increases your rate of health regeneration.
 G - a ring of protection from fire
 H - the amulet "Ziocamoz" {RegenMP Rampage rElec rN+}
   (You took it off a servant of whispers in the Desolation of Salt)

   [amulet of magic regeneration]

   RegenMP:   It increases your rate of magic regeneration.
   rElec:     It insulates you from electricity.
   rN+:       It protects you from negative energy.
   Rampage:   It bestows one free step when moving towards enemies.
 P - the ring of Soixifin (right fist) {rN+++ Will+}
   (You found it on level 4 of the Spider Nest)

   [ring of willpower]

   rN+++:     It renders you almost immune to negative energy.
   Will+:     It increases your willpower.
 Q - the ring "Pudyh" (left fist) {Fly rC+}
   (You found it in the Desolation of Salt)

   [ring of flight]

   rC+:       It protects you from cold.
   Fly:       It grants you flight.
 U - a ring of see invisible
Talismans
 h - a talisman of death
 y - a blade talisman
 D - a dragon-blood talisman
 E - a granite talisman (active)
Wands
 M - a wand of digging (8)
Scrolls
 g - 2 scrolls of enchant armour
 i - 2 scrolls of fear
 j - 5 scrolls of teleportation {!r}
 k - 3 scrolls of revelation
 m - 6 scrolls of blinking {!r}
 w - 3 scrolls of torment
 F - 3 scrolls of fog
 K - a scroll of butterflies
 N - 2 scrolls of silence
 S - 4 scrolls of vulnerability
 V - 4 scrolls of poison
 W - 5 scrolls of immolation
Potions
 a - 3 potions of berserk rage
 d - 15 potions of curing
 f - a potion of lignification
 o - 6 potions of enlightenment
 r - 4 potions of haste
 s - 4 potions of mutation {!q}
 u - a potion of might
 z - a potion of resistance
 A - a potion of invisibility
 J - 2 potions of magic
 R - 8 potions of heal wounds
 T - 12 potions of ambrosia
 Y - 3 potions of cancellation
Miscellaneous
 c - a phantom mirror
 l - a tin of tremorstones (2/2)
 p - a lightning rod (3/4)
 t - a phial of floods


   Skills:
 - Level 15.7 Fighting
 - Level 15.5 Dodging
 - Level 10.7 Shields
 - Level 15.6 Unarmed Combat
 - Level 8.2 Spellcasting
 - Level 9.5 Translocations
 - Level 9.8 Evocations
 + Level 20.7 Shapeshifting


You had 21 spell levels left.
You knew the following spells:

 Your Spells              Type           Power      Damage    Failure   Level
a - Static Discharge      Conj/Air       8%         3-4/arc   41%         2
b - Passwall              Erth           4%         N/A       65%         3
c - Blink                 Tloc           50%        N/A       1%          2
d - Manifold Assault      Tloc           25%        N/A       6%          4
e - Summon Lightning Spi  Summ/Air       4%         N/A       96%         4

Your spell library contained the following spells:

 Spells                   Type           Power      Damage    Failure   Level
 Gell's Gravitas          Tloc           25%        N/A       1%          3
 Teleport Other           Tloc           25%        N/A       1%          3
 Volatile Blastmotes      Fire/Tloc      30%        2d12      12%         3
 Foxfire                  Conj/Fire      16%        2x1d4     28%         1
 Magic Dart               Conj           16%        1d3       28%         1
 Necrotise                Necr           16%        1d4       28%         1
 Sandblast                Erth           8%         2d5       28%         1
 Shock                    Conj/Air       16%        1d4       28%         1
 Slow                     Hex            16%        N/A       28%         1
 Dimensional Bullseye     Hex/Tloc       7%         N/A       38%         4
 Iskenderun's Mystic Bla  Conj/Tloc      15%        2d5       38%         4
 Call Imp                 Summ           8%         N/A       41%         2
 Call Canine Familiar     Summ           4%         N/A       65%         3
 Confusing Touch          Hex            4%         N/A       65%         3
 Fugue of the Fallen      Necr           4%         N/A       65%         3
 Ozocubu's Armour         Ice            4%         N/A       65%         3
 Sigil of Binding         Hex            4%         N/A       65%         3
 Stone Arrow              Conj/Erth      8%         3d7       65%         3
 Vampiric Draining        Necr           4%         2d6       65%         3
 Dispersal                Tloc           12%        N/A       65%         6
 Airstrike                Air            2%         2d(1-17)  96%         4
 Anguish                  Hex/Necr       2%         N/A       96%         4
 Animate Dead             Necr           4%         N/A       96%         4
 Brom's Barrelling Bould  Conj/Erth      4%         2d3       96%         4
 Cause Fear               Hex            2%         N/A       96%         4
 Fulminant Prism          Conj/Alch      2%         3d5       96%         4
 Leda's Liquefaction      Alch/Erth      2%         N/A       96%         4
 Martyr's Knell           Necr/Summ      4%         N/A       96%         4
 Petrify                  Alch/Erth      4%         N/A       96%         4
 Curse of Agony           Necr           4%         N/A       100%        5
 Irradiate                Conj/Alch      2%         3d12      100%        5
 Lee's Rapid Deconstruct  Erth           2%         3d4*      100%        5
 Metabolic Englaciation   Hex/Ice        2%         N/A       100%        5
 Bombard                  Conj/Erth      2%         9d1       100%        6
 Plasma Beam              Fire/Air       2%         2x1d12    100%        6
 Sculpt Simulacrum        Ice/Alch       2%         N/A       100%        6
 Starburst                Conj/Fire      2%         6d3       100%        6
 Enfeeble                 Hex            2%         N/A       100%        7
 Haunt                    Necr/Summ      2%         N/A       100%        7
 Malign Gateway           Summ/Tloc      7%         N/A       100%        7
 Infestation              Necr           2%         N/A       100%        8
 Summon Horrible Things   Summ           2%         N/A       100%        8
 Sublimation of Blood     Necr           Unusable   N/A       N/A         2

Dungeon Overview and Level Annotations

Branches:
Dungeon (15/15)            Temple (1/1) D:5            Lair (5/5) D:11
 Shoals (4/4) Lair:2       Spider (4/4) Lair:2        Slime (0/5) Lair:5
    Orc (2/2) D:12            Elf (0/3) Orc:2        Vaults (4/5) D:14
  Crypt (0/3) Vaults:2     Depths (1/4) D:15          Sewer (visited)
Ossuary (visited)           IceCv (visited)         Desolation (visited)

Altars:
Ashenzari
Cheibriados
Dithmenos
Elyvilon
Fedhas
Gozag
Hepliaklqana
Kikubaaqudgha
Makhleb
Nemelex Xobeh
Okawaru
Qazlal
Ru
Sif Muna
Trog
Uskayaw
Vehumet
Wu Jian
Xom
Yredelemnul
Zin
The Shining One
Jiyva

Shops:
D:4 :*=   D:9 :   D:10 :   D:12 *   Orc:2 =:(:[   Shoals:2 [   Vaults:3 ?
Vaults:4 (

Portals:
Bazaar: Vaults:2

Annotations:
D:8 exclusion: upstairs
D:14 3 runed translucent doors, Xeapikeu's ghost, adept TeAE
Lair:2 2 transporters, exclusion: oklob plant
Lair:3 3 runed translucent doors, exclusion: oklob plant, Fureje's ghost, novice SpDe
Spider:2 2 transporters, exclusions: oklob plant and orange crystal statue, Arachne; SpellstutterSprite's ghost, adept VSBe; Vorhees's ghost, adept FoFi
Orc:2 exclusion: upstairs
Vaults:1 3 runed translucent doors, Nitziur's ghost, adept DrCj


Innate Abilities, Weirdness & Mutations

You are a living statue of rough stone.
Your actions are slow, but your melee attacks are powerful.
You are resistant to unholy torment.
You are flying.
Your maximum health is greatly increased.
Your equipment is partially melded.
((You can breathe wild blasts of lightning.))
((Your glossy black scales are hard. (AC +11)))
You cannot fit into any form of body armour.
You are immune to poison.
Your large and strong wings let you fly.
You are resistant to electric shocks. (rElec)
You are cold-blooded and may be slowed by cold attacks.


Message History

The deep troll shaman closely misses you.
The deep troll closely misses you. The deep troll completely misses you.
The deep troll claws you but does no damage.
You feel much better. You block the deep troll's attack.
The deep troll claws you but does no damage.
You block the deep troll's attack. x2; The deep troll claws you!
* * * LOW HITPOINT WARNING * * *
The deep troll claws you but does no damage.
The deep troll shaman misses you. x3; The deep troll bites you!
* * * LOW HITPOINT WARNING * * *
The deep troll claws you but does no damage.
The deep troll misses you.
The deep troll bites you but does no damage.
The deep troll barely misses you. The deep troll claws you.
* * * LOW HITPOINT WARNING * * *
The deep troll shaman bites you but does no damage.
The deep troll shaman claws you but does no damage.
The deep troll shaman closely misses you.
Okay, then.
Okay, then.
Aiming: Thunderbolt
Press: ? - help, Shift-Dir - straight line, f - deep troll shaman
Aim: a deep troll shaman (almost dead)
The thunderbolt hits the deep troll shaman!
You kill the deep troll shaman!
The Council accepts your kill.
The troll leather armour is intact enough to wear.
The thunderbolt hits the deep troll!!
The deep troll is moderately wounded.
The deep troll no longer looks unusually strong.
The deep troll barely misses you.
The deep troll claws you but does no damage.
You block the deep troll's attack. The deep troll bites you!!
* * * LOW HITPOINT WARNING * * *
The deep troll claws you!
* * * LOW HITPOINT WARNING * * *
The deep troll completely misses you. x2; You block the deep troll's attack.
The deep troll completely misses you. You block the deep troll's attack.
The deep troll completely misses you. The deep troll claws you.
You die...

######## .......########## #
.......#........+ .#
.......#.../....# ..#
.......##..##..## ..# ####
#+##....#..##..###...## #...
#..#....#.......IT....# #...
...+....'.......TT....# #.<.
#'##....######..###....#######...
......###..###..# ####.....###.
......#.....#...# ##......'.
......'.....#...# #......#.
......#.....#...# #......#.
......#.....#...# #......#>
.)....#'##+#####################.


You could see 3 deep trolls.

Vanquished Creatures
  Saint Roka (Vaults:2)
  3 sphinxes
  A kraken (Shoals:4)
  Donald (Shoals:3)
  Roxanne (Spider:2)
  3 imperial myrmidons (Desolation)
  6 emperor scorpions
  9 ghost moths
  13 vault wardens
  3 orc warlords
  Louise (Shoals:2)
  12 ironbound preservers
  3 angels
  A stone giant (Depths:1)
  2 formless jellyfish
  A broodmother (Spider:3)
  6 ironbound thunderhulks
  Nessos (D:13)
  3 halazid warlocks (Desolation)
  A deep elf annihilator (Vaults:1)
  13 dire elephants
  3 spark wasps
  A green death (Depths:1)
  3 entropy weavers
  10 merfolk impalers
  4 fire dragons
  8 merfolk javelineers (Shoals:4)
  10 ragged hierophants (Desolation)
  7 yaktaur captains
  Fannar (Lair:3)
  6 great orbs of eyes
  8 servants of whispers (Desolation)
  7 peacekeepers
  2 ice dragons (Depths:1)
  9 hydras
  3 rakshasas
  3 spriggan air magi (Depths:1)
  Harold (Orc:1)
  3 ogre magi
  2 radroaches
  11 vault guards
  12 centaur warriors
  4 merfolk avatars
  8 boulder beetles
  2 catoblepae
  10 ironbound frosthearts
  4 jorogumos
  11 two-headed ogres
  17 death yaks
  A tengu warrior (Depths:1)
  6 merfolk aquamancers
  A deep troll shaman (Depths:1)
  10 demonic crawlers
  A spriggan berserker (Depths:1)
  An orc high priest (Vaults:2)
  A spriggan (Depths:1)
  A soul eater (Depths:1)
  3 skysharks
  6 pharaoh ants
  Sonja (D:10)
  The ghost of lDtest the Destroyer, a novice OnFE of Uskayaw (D:7)
  An iron troll (Depths:1)
  A death drake (shapeshifter) (D:15)
  28 deep trolls
  5 arcanists
  An orange crystal statue (Vaults:2)
  14 orb spiders
  2 cherubim (Shoals:4)
  A glowing orange brain (Depths:1)
  10 sea snakes
  12 lindwurms
  6 steelbarb worms
  A sun moth (Lair:2)
  18 ironbound convokers
  Pikel (D:5)
  4 deep elf pyromancers
  A phantasmal warrior (Vaults:4)
  2 necromancers
  28 ugly things
  15 harpies
  An elf skeleton (Vaults:2)
  12 orc knights
  3 orc sorcerers
  21 wolf spiders
  2 fauns (Shoals:2)
  A tengu skeleton (Vaults:4)
  14 cyclopes
  12 manticores
  15 meliai
  A mana viper (shapeshifter) (D:15)
  A fire giant zombie (Vaults:2)
  11 elephants
  4 black mambas
  A human skeleton (Vaults:4)
  8 merfolk sirens
  11 torpor snails
  13 vault sentinels
  3 kobold blastminers
  A gargoyle (D:13)
  A molten gargoyle (Desolation)
  The ghost of ZZKoverts the Skirmisher, a novice SpHu (D:5)
  8 water nymphs
  14 cane toads
  10 rime drakes
  7 komodo dragons
  40 yaktaurs
  3 tengu conjurers
  38 merfolk
  2 ice devils (IceCv)
  2 queen bees
  11 trolls
  A polar bear (Lair:3)
  11 blink frogs
  5 wind drakes
  25 tarantellas
  3 tyrant leeches (Lair:5)
  49 saltlings (Desolation)
  9 hornets
  2 snapping turtles
  19 dream sheep
  40 slime creatures
  34 jumping spiders
  25 yaks
  22 culicivoras
  2 water elementals (Shoals:3)
  A shadow (D:9)
  5 wyverns
  2 wargs
  4 basilisks
  3 steam dragons
  53 redbacks
  4 vampire mosquitoes (D:12)
  An acid dragon (D:14)
  19 water moccasins
  An ogre zombie (Vaults:2)
  21 orc warriors
  An ice beast (D:8)
  2 sky beasts
  3 black bears
  An ettin simulacrum (Vaults:4)
  18 ogres (Orc:2)
  6 boggarts
  7 centaurs
  20 wolves
  A lemure (D:4)
  23 bullfrogs
  2 elf zombies (Ossuary)
  3 kobold brigands
  A weeping skull (Ossuary)
  A gnoll sergeant (D:10)
  A cane toad simulacrum (IceCv)
  2 scorpions (D:4)
  4 wights (D:4)
  56 killer bees
  An elephant simulacrum (IceCv)
  3 howler monkeys
  2 electric eels
  A bombardier beetle (D:4)
  2 centaur zombies (Ossuary)
  2 hounds
  5 jellies
  4 quasits (D:7)
  2 gnoll boudas
  12 orc priests
  3 human zombies
  Ijyb (D:3)
  A sleepcap (D:7)
  5 iguanas
  11 orc wizards
  7 hell rats
  A spriggan simulacrum (IceCv)
  A killer bee zombie (Ossuary)
  A wolf simulacrum (IceCv)
  A crocodile zombie (Ossuary)
  A hound zombie (Ossuary)
  3 mummies (Ossuary)
  13 gnolls
  A naga simulacrum (IceCv)
  8 adders
  6 river rats
  2 white imps
  2 ufetubi (D:7)
  7 adder zombies (Ossuary)
  2 dart slugs
  62 orcs
  5 endoplasms
  A giant cockroach (D:1)
  9 goblins
  7 hobgoblins
  6 jackals
  9 quokkas
  A ball python (D:2)
  6 ball python zombies (Ossuary)
  8 bats
  A frilled lizard (D:2)
  2 jackal zombies (Ossuary)
  22 kobolds
  3 kobold zombies (Ossuary)
  2 orc zombies (Ossuary)
  14 rats
  2 spectral weapons (Vaults:2)
  2 tentacles (Shoals:4)
1497 creatures vanquished.

Vanquished Creatures (others)
  Asterion (Vaults:2)
  An alligator snapping turtle (Shoals:4)
  A manticore (Shoals:4)
  A cyclops (Shoals:4)
  A merfolk (Shoals:4)
  A saltling (Desolation)
  A slime creature (D:14)
  6 tentacles (Shoals:4)
13 creatures vanquished.

Grand Total: 1510 creatures vanquished

Notes
Turn   | Place    | Note
-------+----------+-------------------------------------------
     0 | D:1      | seren the Draconian Shapeshifter began the quest for the
                  | Orb.
     0 | D:1      | Reached XP level 1. HP: 16/16 MP: 1/1
   206 | D:1      | Reached XP level 2. HP: 23/23 MP: 2/2
   519 | D:2      | Reached XP level 3. HP: 21/29 MP: 3/3
  1392 | D:3      | Noticed Ijyb
  1417 | D:2      | Reached XP level 4. HP: 26/36 MP: 4/4
  1465 | D:3      | Killed Ijyb
  2012 | D:4      | Reached XP level 5. HP: 33/42 MP: 5/5
  2070 | D:4      | Identified the +3 quarterstaff "Itia" {venom, Str+3}
  2266 | D:4      | Found Muimy's Book Emporium.
  2358 | D:4      | Found Okhluj's Jewellery Boutique.
  2476 | D:4      | Found Urphaturea's General Store.
  2535 | D:4      | Bought a potion of heal wounds for 55 gold pieces
  2668 | D:4      | Reached skill level 1 in Evocations
  2697 | D:4      | Reached skill level 4 in Shapeshifting
  2697 | D:4      | Reached XP level 6. HP: 51/51 MP: 6/6
  2953 | D:4      | Your scales start taking on a glossy black colour.
  2953 | D:4      | Reached XP level 7. HP: 37/58 MP: 7/7
  2953 | D:4      | Gained mutation: You are resistant to electric shocks.
                  | (rElec) [Black Draconian growth]
  3144 | D:5      | Entered Level 5 of the Dungeon
  3378 | D:5      | Found a runed translucent gate.
  3378 | D:5      | Found a runed translucent gate.
  3379 | D:5      | Found a runed translucent gate.
  3379 | D:5      | Noticed ZZKoverts's ghost (novice SpHu)
  4180 | D:5      | Noticed Pikel
  4292 | D:5      | Killed Pikel
  4293 | D:5      | Reached skill level 5 in Unarmed Combat
  4293 | D:5      | Reached skill level 5 in Shapeshifting
  4293 | D:5      | Reached XP level 8. HP: 67/67 MP: 8/8
  4405 | D:5      | Found a staircase to the Ecumenical Temple.
  4607 | Temple   | Entered the Ecumenical Temple
  4638 | Temple   | Became a worshipper of the Wu Jian Council
  5011 | D:5      | Reached skill level 6 in Shapeshifting
  5419 | D:6      | Reached skill level 5 in Fighting
  5528 | D:6      | Found a glowing drain.
  5538 | Sewer    | Entered a sewer
  5652 | Sewer    | Reached * piety under Wu Jian
  5851 | Sewer    | Found a white marble altar of Elyvilon.
  6229 | D:7      | Found a transporter.
  6295 | D:7      | Found a sand-covered staircase.
  6315 | D:7      | Noticed a deep troll
  6317 | Ossuary  | Entered an ossuary
  6379 | Ossuary  | Reached skill level 5 in Dodging
  6418 | Ossuary  | Reached skill level 7 in Shapeshifting
  6418 | Ossuary  | Reached XP level 9. HP: 75/75 MP: 9/9
  6609 | Ossuary  | Reached ** piety under Wu Jian
  6764 | D:7      | Noticed a deep troll
  8046 | D:9      | Reached skill level 8 in Shapeshifting
  8475 | D:9      | Found Ywkewnel's Book Shop.
  8712 | D:10     | Entered Level 10 of the Dungeon
  8716 | D:10     | Noticed a kobold demonologist
  8716 | D:10     | Noticed a kobold demonologist
  8724 | D:10     | Noticed a two-headed ogre
  8724 | D:10     | Noticed a two-headed ogre
  8727 | D:10     | Noticed a red devil
  8808 | D:10     | Found Ritiz's Book Shop.
  8966 | D:10     | Noticed Sonja
  9004 | D:10     | Reached *** piety under Wu Jian
  9005 | D:10     | Reached XP level 10. HP: 43/84 MP: 10/10
  9149 | D:10     | Killed Sonja
  9488 | D:10     | Found a shimmering blue altar of Sif Muna.
  9488 | D:10     | Found a burning altar of Makhleb.
  9837 | D:11     | Found a staircase to the Lair.
  9852 | D:11     | Noticed a purple ugly thing
  9858 | D:11     | Noticed a green ugly thing
  9864 | D:11     | Killed a white ugly thing
  9865 | D:11     | Reached skill level 5 in Evocations
  9865 | D:11     | Reached skill level 9 in Shapeshifting
  9870 | D:11     | Killed a cyan ugly thing
 10403 | Lair:1   | Entered Level 1 of the Lair of Beasts
 10405 | Lair:1   | Noticed a death yak
 10405 | Lair:1   | Noticed a death yak
 10405 | Lair:1   | Noticed a death yak
 10405 | Lair:1   | Noticed a death yak
 10422 | D:11     | Killed a death yak
 10423 | D:11     | Reached XP level 11. HP: 88/94 MP: 11/11
 10431 | Lair:1   | Noticed a death yak
 10433 | Lair:1   | Noticed a death yak
 10443 | D:11     | Killed a death yak
 10444 | D:11     | Reached skill level 10 in Shapeshifting
 10450 | D:11     | Killed a death yak
 10570 | D:12     | Found Aaqiump's Alliterative Armaments.
 10587 | D:12     | Noticed a two-headed ogre
 10643 | D:12     | Killed a two-headed ogre
 10733 | D:12     | Reached **** piety under Wu Jian
 10819 | D:12     | Found a staircase to the Orcish Mines.
 10841 | D:12     | Noticed a two-headed ogre
 10852 | D:12     | Killed a two-headed ogre
 10898 | D:12     | Found a frozen archway.
 10902 | IceCv    | Entered an ice cave
 11117 | D:12     | Noticed a boulder beetle
 11533 | D:11     | Killed a death yak
 11534 | D:11     | Reached skill level 11 in Shapeshifting
 11535 | D:11     | Killed a death yak
 11582 | D:11     | Killed a death yak
 11734 | Lair:1   | Noticed a five-headed hydra
 11744 | Lair:1   | Reached XP level 12. HP: 84/105 MP: 12/12
 12092 | Lair:1   | Killed a five-headed hydra
 12330 | Lair:2   | Found a staircase to the Shoals.
 12460 | Lair:2   | Reached skill level 10 in Fighting
 12460 | Lair:2   | Reached skill level 12 in Shapeshifting
 12571 | Lair:2   | Found a blossoming altar of Fedhas.
 12773 | Lair:1   | Reached ***** piety under Wu Jian
 12837 | Lair:2   | Noticed a catoblepas
 12848 | Lair:2   | Killed a catoblepas
 12974 | Lair:2   | Reached skill level 10 in Unarmed Combat
 13061 | Lair:2   | Found a hole to the Spider Nest.
 13174 | Lair:2   | Found a transporter.
 13196 | Lair:2   | Found a transporter.
 13718 | Lair:3   | Reached XP level 13. HP: 114/114 MP: 13/13
 13722 | Lair:3   | Noticed Fannar
 13762 | Lair:3   | Killed Fannar
 13850 | Lair:3   | Identified the +0 robe of Resourcefulness {rF+ Dex+2}
 13973 | Lair:3   | Reached skill level 13 in Shapeshifting
 14123 | Lair:3   | Found a runed translucent gate.
 14328 | Lair:3   | Noticed Fureje's ghost (novice SpDe)
 14335 | Lair:3   | Noticed a minotaur
 14352 | Lair:3   | Found a runed translucent gate.
 14352 | Lair:3   | Found a runed translucent gate.
 15705 | Lair:4   | Learned a level 2 spell: Static Discharge
 16415 | Lair:4   | Reached skill level 10 in Dodging
 16585 | Lair:5   | Entered Level 5 of the Lair of Beasts
 16878 | Orc:1    | Entered Level 1 of the Orcish Mines
 16908 | D:12     | Reached skill level 14 in Shapeshifting
 17097 | Orc:1    | Noticed Harold
 17183 | Orc:1    | Killed Harold
 17398 | Orc:2    | Entered Level 2 of the Orcish Mines
 17499 | Orc:1    | Noticed an orc warlord
 17505 | Orc:2    | Reached ****** piety under Wu Jian
 17548 | Orc:2    | Paralysed by an orc sorcerer for 4 turns
 17727 | Lair:5   | Gained mutation: Your large and strong wings let you fly.
                  | [Black Draconian growth]
 17727 | Lair:5   | Reached XP level 14. HP: 125/125 MP: 14/14
 17915 | Lair:5   | Identified the +1 leather armour of Conscience {Str+4}
 18054 | Lair:5   | Found a viscous altar of Jiyva.
 18054 | Lair:5   | Found a staircase to the Slime Pits.
 19728 | Orc:2    | Found Xuhez's Jewellery Shoppe.
 19840 | Orc:2    | Reached skill level 15 in Shapeshifting
 20006 | Orc:2    | Found a staircase to the Elven Halls.
 20442 | Orc:2    | Found Xosk's Book Boutique.
 20443 | Orc:2    | Found Heoraur's Book Shop.
 20449 | Orc:2    | Found Vixuveun's Antique Armour Shoppe.
 20458 | Orc:2    | Found Capow's Antique Weapon Boutique.
 20462 | Orc:2    | Bought a pair of embroidered gloves for 142 gold pieces
 20630 | Orc:1    | Reached XP level 15. HP: 134/134 MP: 15/15
 21398 | D:13     | Identified the +7 flail of Ghostly Action {elec, rF++ rN+
                  | Int-5}
 21699 | D:13     | Noticed Nessos
 21719 | D:13     | Killed Nessos
 22564 | D:14     | Found a gate to the Vaults.
 22589 | D:14     | Found a runed translucent gate.
 22590 | D:14     | Found a runed translucent gate.
 22591 | D:14     | Found a runed translucent gate.
 22594 | D:14     | Noticed Xeapikeu's ghost (adept TeAE)
 22808 | D:14     | Reached skill level 16 in Shapeshifting
 24505 | Orc:2    | Bought a ring of poison resistance for 320 gold pieces
 24606 | Shoals:1 | Entered Level 1 of the Shoals
 25416 | D:15     | Entered Level 15 of the Dungeon
 26644 | D:15     | Reached XP level 16. HP: 95/146 MP: 16/16
 26739 | D:15     | Found a sacrificial altar of Ru.
 26981 | D:15     | Found a staircase to the Depths.
 27345 | D:5      | Killed ZZKoverts's ghost
 27671 | D:7      | Noticed lDtest's ghost (novice OnFE)
 27685 | D:7      | Found a transporter.
 27798 | D:7      | Found the amulet of Vitality {RegenMP++ Regen++}
 27989 | D:7      | Killed lDtest's ghost
 28187 | Orc:2    | Bought a talisman of death for 1280 gold pieces
 28572 | Shoals:1 | Learned a level 3 spell: Passwall
 28575 | Shoals:1 | Learned a level 2 spell: Blink
 29201 | Shoals:2 | Found Tujiesiq's Antique Armour Shoppe.
 29225 | Shoals:2 | Reached skill level 17 in Shapeshifting
 29774 | Shoals:2 | Noticed Louise
 29826 | Shoals:2 | Killed Louise
 30468 | Shoals:3 | Identified the +0 kite shield "Him Taja" {Str-5 Dex+4}
 30468 | Shoals:3 | Noticed Donald
 30485 | Shoals:3 | Killed Donald
 31395 | Shoals:4 | Entered Level 4 of the Shoals
 31577 | Shoals:4 | Found a white marble altar of Elyvilon.
 31909 | Shoals:4 | Identified the +5 ring mail of Lexzioz {rElec rN+ Dex-4}
 32135 | Spider:1 | Entered Level 1 of the Spider Nest
 32225 | Spider:1 | Reached skill level 15 in Fighting
 32894 | D:4      | Bought a potion of heal wounds for 55 gold pieces
 33093 | D:10     | Bought a book of Battle for 286 gold pieces
 33098 | D:10     | Learned a level 4 spell: Manifold Assault
 33567 | Lair:2   | Reached skill level 18 in Shapeshifting
 33709 | Spider:1 | Reached XP level 17. HP: 134/156 MP: 17/17
 34315 | Spider:2 | Found a transporter.
 34325 | Spider:2 | Noticed SpellstutterSprite's ghost (adept VSBe)
 34385 | Spider:2 | Noticed Arachne
 34388 | Spider:2 | Identified 2 scrolls of acquirement
 34408 | Spider:1 | Acquired a manual of Ranged Weapons
 34410 | Spider:1 | Acquired a manual of Summonings
 34675 | Spider:2 | Found a transporter.
 34700 | Spider:2 | Noticed Vorhees's ghost (adept FoFi)
 35085 | Spider:2 | Noticed Roxanne
 35402 | Spider:2 | Killed Roxanne
 35639 | Spider:3 | Reached skill level 1 in Shields
 36059 | Spider:3 | Reached skill level 1 in Translocations
 36136 | Spider:3 | Reached skill level 15 in Unarmed Combat
 36372 | Spider:4 | Entered Level 4 of the Spider Nest
 36458 | Spider:3 | Reached skill level 19 in Shapeshifting
 36714 | Spider:4 | Identified the ring of Soixifin {rN+++ Will+}
 37024 | Spider:4 | Paralysed by a jorogumo for 1 turns
 37134 | Spider:4 | Reached skill level 1 in Spellcasting
 37228 | Spider:4 | Reached XP level 18. HP: 163/163 MP: 0/20
 37324 | Spider:4 | Got a gossamer rune of Zot
 37425 | Spider:4 | Identified the +1 hat "Foiqev" {rPois}
 37903 | Shoals:4 | Reached skill level 5 in Shields
 37921 | Shoals:3 | Reached skill level 5 in Translocations
 38027 | Shoals:4 | Found a glowing silver altar of Zin.
 38041 | Shoals:4 | Got a barnacled rune of Zot
 38231 | Shoals:4 | Learned a level 4 spell: Summon Lightning Spire
 38389 | Shoals:4 | Found a glowing golden altar of the Shining One.
 38901 | Vaults:1 | Entered Level 1 of the Vaults
 39290 | Vaults:1 | Found a runed translucent gate.
 39290 | Vaults:1 | Found a runed translucent gate.
 39290 | Vaults:1 | Found a runed translucent gate.
 39490 | Vaults:1 | Reached skill level 5 in Spellcasting
 39661 | Vaults:1 | Reached XP level 19. HP: 170/170 MP: 26/26
 40151 | Vaults:1 | Noticed Nitziur's ghost (adept DrCj)
 40591 | Vaults:2 | Reached skill level 15 in Dodging
 40701 | Vaults:2 | Found a gateway to a bazaar.
 40844 | Vaults:2 | Noticed Asterion
 40856 | Vaults:2 | Killed Asterion
 40975 | Vaults:2 | Identified the staff of the Screaming Priest {Dex+7 SInv
                  | Conj}
 41056 | Vaults:2 | Noticed Saint Roka
 41098 | Vaults:2 | Killed Saint Roka
 41192 | Vaults:2 | Found a staircase to the Crypt.
 41192 | Vaults:2 | Found a basalt altar of Yredelemnul.
 41193 | Vaults:2 | Found an ancient bone altar of Kikubaaqudgha.
 41429 | Vaults:2 | Reached skill level 20 in Shapeshifting
 41769 | Vaults:3 | Found a crumbling gateway.
 41785 | Vaults:3 | Found a white marble altar of Elyvilon.
 41785 | Vaults:3 | Found a glowing silver altar of Zin.
 41785 | Vaults:3 | Found a glowing golden altar of the Shining One.
 41798 | Desolati | Entered the Desolation of Salt
 42084 | Desolati | Reached XP level 20. HP: 178/178 MP: 31/31
 42328 | Desolati | Identified the +7 sling "Cialosa" {drain, rPois}
 42359 | Desolati | Identified the amulet "Ziocamoz" {RegenMP Rampage rElec
                  | rN+}
 42415 | Desolati | Identified the +8 executioner's axe "Eluocw" {distort,
                  | rElec rCorr}
 42466 | Desolati | Identified the ring "Pudyh" {Fly rC+}
 42508 | Desolati | Got Xithuitz's Folio of Fulgurant Diablerie
 42792 | Vaults:3 | Identified the +1 ring mail of the Desolation of Salt {rN+
                  | Regen+ Int+3}
 43129 | Vaults:3 | Identified the +1 robe "Homazuth" {Regen+ Str-2 Stlth+}
 43274 | Vaults:3 | Reached skill level 10 in Shields
 43512 | Vaults:3 | Found Ruwext's Magic Scroll Boutique.
 43515 | Vaults:3 | Bought a scroll of fear for 44 gold pieces
 43515 | Vaults:3 | Bought a scroll of teleportation for 33 gold pieces
 43515 | Vaults:3 | Bought a scroll of fog for 44 gold pieces
 44367 | Vaults:4 | Found Duofrar's Weapon Emporium.
 45230 | Depths:1 | Entered Level 1 of the Depths
 45593 | Depths:1 | Found a broken altar of Ashenzari.
 45663 | Depths:1 | Identified the +6 short sword of Pinan {venom, rN+ Str+5
                  | Int-3}
 45730 | Depths:1 | Reached XP level 21. HP: 187/187 MP: 33/33
 45797 | Depths:1 | HP: 9/243 [deep troll (26)]
 45797 | Depths:1 | HP: 1/243 [deep troll (8)]
 45797 | Depths:1 | Slain by a deep troll

Illustrated notes

Levels and vault maps discovered:
D:1:      psy_arrival_conway, layout_rooms, corexii_item_surrounded_by_moat
D:2:      layout_basic, chequers_serial_rivers_micro_e
D:3:      layout_rooms, nicolae_twisty_statue_hallways, uniq_ijyb
D:4:      layout_basic, serial_shops, nicolae_shop_real_fake_doors,
          nicolae_inconvenience_store, nicolae_lakefront_shop, minmay_cut_off
D:5:      layout_basic, minmay_temple_entry_poolview,
          gammafunk_ghost_nasty_kobolds, kennysheep_generic_room_3, uniq_pikel,
          uniq_crazy_yiuf_cottage
D:6:      layout_rooms, gup_sewer_entry_bubbles,
          serial_library_hellmonk_reading_circle
D:7:      layout_basic, lightli_ossuary_entry_decrepit_ruins,
          gammafunk_ghost_stat_death, hellmonk_guarded_unrand_vitality_bloodlust
D:8:      layout_basic, serial_park_tiny_1
D:9:      layout_rooms, serial_shops, shop, eino_curves_01
D:10:     layout_loops_corners, amethyst_overflow_temple_binary, serial_shops,
          nicolae_book_shop_shelving, shop, shop, uniq_sonja
D:11:     layout_loops_ring, due_lair_maze_entry_diamond
D:12:     layout_gridville, minmay_orc_entry_temple_small,
          portal_ice_cave_entry_pillars_2, monkooky_shop_alliterative
D:13:     layout_loops_corners, uniq_nessos
D:14:     minmay_spotlight, layout_stronghold, erik_vaults_2,
          ebering_ghost_rock_garden, small_statue_intersection
D:15:     gammafunk_enter_depths_forms, layout_cross, nicolae_ru_awakened_eye,
          hangedman_decor_clover_reticule
Temple:   mainiacjoe_temple_big_plus
Lair:1:   layout_cave_shapes
Lair:2:   gammafunk_cloud_chamber, layout_regular_city,
          minmay_shoals_entry_lonely_mermaid, spider_nest_entry_funnel_web,
          tgw_fedhas
Lair:3:   layout_cave_pods, maelrawn_ghost_gauntlet_escape, pond, uniq_fannar
Lair:4:   regret_index_wax_grids, layout_loops_ring, minmay_lair_drake_nest
Lair:5:   hangedman_lair_in_review, layout_cave_pods, wormcave, slime_entry_2
Shoals:1: layout_shoals
Shoals:2: layout_shoals, serial_shops, nicolae_shop_tiny_glass, uniq_louise
Shoals:3: layout_shoals, nzn_prometheus_bound, uniq_donald
Shoals:4: shoals_end_hellmonk_holy_island
Spider:1: layout_spider_delve, nicolae_spider_checkerboard
Spider:2: layout_spider_delve, nzn_ghost_randoct, uniq_roxanne
Spider:3: layout_spider_delve, special_room [special_room_bee]
Spider:4: johnstein_spider_rune_arachne_lair
Orc:1:    layout_caves, nicolae_orc_sculptors_studio, uniq_harold
Orc:2:    st_orc_open, layout_diamond_mine, serial_shops, shop
Vaults:1: gammafunk_ghost_tricky_traps, kennysheep_ogre_elephant_herders,
          v_misc_9, v_rooms_6, ontoclasm_vaults_eye,
          nicolae_vaults_closet_pinwheel_4, v_alt_pattern_1,
          nicolae_vaults_spaceships, hangedman_vaults_pinch,
          hangedman_vaults_impose, nicolae_vaults_asterisk,
          nicolae_vaults_diamond_2, layout_vaults_omnibox
Vaults:2: minmay_crypt_entry_necro_gods, nicolae_vaults_wrenched, v_misc_29,
          nicolae_vaults_more_shelving_1, nicolae_vaults_trapezoid_lopsided_3,
          nicolae_vaults_double_plus_2, nicolae_vaults_double_plus_1,
          nicolae_vaults_storage_closets_2, nicolae_vaults_double_plus_1,
          vaults_room_octagon, layout_vaults_big_room, serial_shops, statue_bzr,
          uniq_saint_roka, uniq_asterion
Vaults:3: portal_desolation_entry_holy_temple, nicolae_vaults_house_2,
          nicolae_vaults_mitosis, nicolae_vaults_angled_halls,
          grunt_vaults_hallway_long, nicolae_vaults_tetromino_L_1,
          hangedman_vaults_corner_blocks, v_misc_4, dpeg_vaults_monster_box,
          vaults_room_fours, nicolae_vaults_layer_cake_slice, vaults_dpeg_hooks,
          layout_vaults_ring, serial_shops, nicolae_shop_rolled_up
Vaults:4: nicolae_vaults_little_squares_6, nicolae_vaults_network_barrier,
          nicolae_vaults_sealed_display, nicolae_vaults_ellipses_ellipsis,
          ontoclasm_vaults_idyll, nicolae_vaults_little_squares_4,
          nicolae_vaults_taking_the_gang_shopping, nicolae_vaults_display_case,
          layout_vaults_quadrants
Depths:1: layout_gridville, grunt_hell_entry_demonic_statue,
          serial_library_regret_index_multi, solitary_fountain,
          cheibrodos_ashenzari_chains

Skill      XL: |  1  2  3  4  5  6  7  8  9 10 11 12 13 14 15 16 17 18 19 20 |
---------------+-------------------------------------------------------------+-----
Dodging        | 2 3 4 5 6 7 8 9 10 11 12 13 14 15 | 15.5
Fighting       | 2 3 4 5 6 8 9 10 11 12 14 15 | 15.7
Unarmed Combat | 4 5 6 7 9 10 11 12 13 14 15 | 15.6
Evocations     | 1 2 3 4 5 6 7 9 |  9.8
Shapeshifting  | 4 5 7 8 9 11 12 14 15 16 18 19 20 | 20.7
Shields        | 3 6 8 10 | 10.7
Translocations | 3 6 8 9 |  9.5
Spellcasting   | 1 5 7 8 |  8.2

Action                     |  1- 3 |  4- 6 |  7- 9 | 10-12 | 13-15 | 16-18 | 19-21 || total
---------------------------+-------+-------+-------+-------+-------+-------+-------++-------
  Melee: Unarmed           |   104 |    54 |   553 |   714 |  1272 |  1562 |  1296 ||  5555
         Tailslap          |    13 |    14 |    89 |   131 |   203 |   243 |   254 ||   947
         Punch             |     1 |       |    12 |       |    46 |   157 |    40 ||   256
         Quarterstaff      |       |    40 |     1 |       |       |       |       ||    41
         Constrict         |       |       |       |       |    43 |       |       ||    43
         Bite              |       |       |       |       |     1 |    30 |       ||    31
  Throw: Dart              |       |       |     5 |       |       |       |       ||     5
         Stone             |       |       |     2 |       |       |       |       ||     2
   Cast: Manifold Assault  |       |       |       |       |       |     7 |     2 ||     9
 Invoke: Serpent's Lash    |       |       |       |     1 |       |     9 |     6 ||    16
         Heavenly Storm    |       |       |       |     1 |       |     4 |     3 ||     8
Ability: Breathe Lightning |       |       |     6 |     4 |     1 |       |       ||    11
         Whirlwind         |       |       |    24 |   216 |   351 |   262 |   405 ||  1258
         Lunge             |       |       |    17 |    25 |    94 |   124 |    60 ||   320
         Wall Jump         |       |       |       |     1 |       |     6 |     6 ||    13
         Begin Untransform |       |       |       |       |     1 |     1 |     1 ||     3
  Evoke: Wand              |       |     4 |       |     3 |    12 |     6 |       ||    25
         Tin of tremorston |       |       |       |       |       |       |     2 ||     2
         Phantom mirror    |       |       |       |       |       |       |     1 ||     1
         Lightning rod     |       |       |       |       |       |       |     1 ||     1
    Use: Scroll            |     4 |     1 |     5 |     4 |    11 |    21 |     6 ||    52
         Potion            |       |     1 |     4 |     3 |     3 |     6 |     2 ||    19
   Stab: Sleeping          |     2 |       |     1 |       |       |       |     2 ||     5
         Distracted        |       |       |       |       |       |     1 |       ||     1
 Armour: Skin              |    48 |    51 |   263 |   338 |   765 |  1804 |  1110 ||  4379
  Dodge: Dodged            |    66 |    58 |   369 |   647 |   912 |  2264 |  1164 ||  5480
  Block: Kite shield       |       |       |       |       |       |       |   814 ||   814
   Form: Flux              |       |       |     1 |     1 |     4 |     1 |       ||     7
         Blade             |       |       |       |     1 |     7 |     5 |       ||    13
         Serpent           |       |       |       |       |     4 |       |       ||     4
         Dragon            |       |       |       |       |     1 |     7 |     1 ||     9
         Death             |       |       |       |       |       |     1 |       ||     1
         Statue            |       |       |       |       |       |     6 |     2 ||     8

Table legend: (Time is in decaauts)
 A = Elapsed time spent in this place.
 B = Non-inter-level travel time spent in this place.
 C = Inter-level travel time spent in this place.
 D = Time resting spent in this place.
 E = Time spent auto-exploring this place.
 F = Levels seen in this place.
 G = Mean time per level.
                   A        B        C        D        E       F      G
               +--------+--------+--------+--------+--------+-----+--------+
         Total |  50225 |  44348 |   5877 |   5761 |  20891 |  40 | 1255.6 |
       Dungeon |  17759 |  15206 |   2553 |   2433 |   8352 |  15 | 1183.9 |
        Temple |     61 |      2 |     59 |      0 |      0 |   1 |   61.0 |
          Lair |   9316 |   7853 |   1463 |   1287 |   3249 |   5 | 1863.2 |
        Shoals |   5183 |   4506 |    677 |    646 |   1896 |   4 | 1295.8 |
   Spider Nest |   4855 |   4592 |    263 |    437 |   1573 |   4 | 1213.8 |
  Orcish Mines |   2045 |   1825 |    220 |    222 |    764 |   2 | 1022.5 |
        Vaults |   7910 |   7272 |    638 |    462 |   4111 |   4 | 1977.5 |
        Depths |    831 |    830 |      1 |     30 |    550 |   1 |  831.0 |
         Sewer |    448 |    448 |      0 |    119 |     76 |   1 |  448.0 |
       Ossuary |    432 |    432 |      0 |      8 |    122 |   1 |  432.0 |
      Ice Cave |    141 |    141 |      0 |     56 |      0 |   1 |  141.0 |
    Desolation |   1239 |   1239 |      0 |     59 |    196 |   1 | 1239.0 |
               +--------+--------+--------+--------+--------+-----+--------+

Top non-repeatable levels by time:
  Lair:2: 2787 daAuts
  Lair:5: 2354 daAuts
    D:14: 2139 daAuts
Vaults:1: 2091 daAuts
     D:5: 2057 daAuts
Vaults:2: 1987 daAuts
Vaults:3: 1934 daAuts
Shoals:3: 1899 daAuts
Vaults:4: 1898 daAuts
  Lair:3: 1628 daAuts
Spider:4: 1573 daAuts
  Lair:4: 1539 daAuts
    D:13: 1421 daAuts
    D:11: 1416 daAuts
    D:12: 1410 daAuts
